 Dungeon Crawl Stone Soup version 0.28-a0-407-g69098e2f6d (webtiles) character file.

Game seed: 13822423504826636785

42 mg7810 the Charlatan (level 3, 0/26 HPs)
             Began as a Demonspawn Artificer on Sept 5, 2021.
             Slain by Terence (6 damage)
             ... on level 2 of the Dungeon.
             The game lasted 00:05:33 (1818 turns).

mg7810 the Charlatan (Demonspawn Artificer)         Turns: 1818, Time: 00:05:34

Health: 0/26       AC:  5    Str: 13    XL:     3   Next: 33%
Magic:  3/3        EV: 10    Int: 12    God:
Gold:   77         SH:  0    Dex: 13    Spells: 2/2 levels left

rFire   . . .      SeeInvis .   k - +0 flail
rCold   . . .      Faith    .   (no shield)
rNeg    . . .      Spirit   .   h - +0 ring mail
rPois   .          Reflect  .   (no helmet)
rElec   .          Harm     .   (no cloak)
rCorr   .          Rampage  .   (no gloves)
Will    .....                   (no boots)
Stlth   +.........              (no amulet)
HPRegen 0.08/turn               (no ring)
MPRegen 0.08/turn               (no ring)

@: no status effects
A: powered by death 1
a: no special abilities


You were on level 2 of the Dungeon.
You visited 1 branch of the dungeon, and saw 2 of its levels.

You collected 77 gold pieces.

Inventory:

Hand Weapons
 k - a +0 flail (weapon)
Missiles
 g - 2 boomerangs (quivered)
Armour
 b - a +0 leather armour
 h - a +0 ring mail (worn)
Wands
 c - a wand of flame (15)
 d - a wand of charming (9)
Potions
 a - a potion of cancellation {unknown}
 f - a potion of curing {unknown}
 i - a potion of lignification {unknown}
 j - 3 potions of heal wounds {unknown}
 l - a potion of ambrosia {unknown}
Miscellaneous
 e - a piece from Xom's chessboard (14/15)


   Skills:
 + Level 1.0 Fighting
 + Level 0.2 Maces & Flails
 * Level 1.2 Throwing
 + Level 2.2 Armour
 + Level 1.0 Dodging
 - Level 1.0 Stealth
 + Level 3.5 Evocations


You had 2 spell levels left.
You didn't know any spells.
Your spell library contained the following spells:

 Spells                   Type           Power      Damage    Failure   Level
 Inner Flame              Hex/Fire       0%         N/A       91%         3
 Cause Fear               Hex            0%         N/A       100%        4
 Discord                  Hex            0%         N/A       100%        8


Dungeon Overview and Level Annotations

Branches:
Dungeon (2/15)

Altars:
Zin

Annotations:
D:2 Terence


Innate Abilities, Weirdness & Mutations

You regenerate a little health from kills.


Message History

The frilled lizard dies!
You swap places.
You now have 77 gold pieces (gained 9).
A bat comes into view.
The bat closely misses Terence.
The bat hits Terence but does no damage.
Terence barely misses the bat.
The bat hits Terence but does no damage.
Terence hits the bat with a +0 mace.
The bat dies!
Terence rages.
Terence rages.
Terence rages.
Found a stone staircase leading down.
Terence is no longer berserk.
Terence looks more energetic.
Throw: 2 boomerangs
Press: ? - help, Q - select action, (/) - cycle Shift-Dir - straight line, f - you, p - Terence Really target yourself?
Okay, then.
You swap places.
Terence is no longer charmed.
Terence hits you but does no damage.
You hit Terence.
Terence is lightly wounded.
Terence barely misses you.
You hit Terence.
Terence is heavily wounded.
Terence hits you with a +0 mace. x2
You barely miss Terence.
Terence is heavily wounded.
Terence hits you but does no damage.
You barely miss Terence.
Terence is heavily wounded.
Terence hits you with a +0 mace.
* * * LOW HITPOINT WARNING * * *
You closely miss Terence.
Terence is heavily wounded.
Terence shouts, "Now you die!" Terence hits you with a +0 mace.
You die...

##### #.#.# #...# #.#.#
#.#.# #.#.### ####.#...#
#....@@..# #.##.#####
#.##.....#####
##########............#
###.......#########.###.#
..........+ .........>#
#.#.†.....# #####...#.#
#.#.......# #######.#
#.#.......# #.......#


You could see Terence.

Vanquished Creatures
  3 orcs (D:2)
  2 bats (D:1)
  A giant cockroach (D:1)
  4 goblins
  2 hobgoblins
  4 jackals (D:1)
  3 kobolds
  3 quokkas
  A ball python (D:1)
  A frilled lizard (D:2)
  4 rats
28 creatures vanquished.

Vanquished Creatures (collateral kills)
  A bat (D:2)
  A giant cockroach (D:1)
  A jackal (D:1)
  A ball python (D:1)
  A frilled lizard (D:2)
  A rat (D:1)
6 creatures vanquished.

Vanquished Creatures (others)
  An endoplasm (D:1)
  A jackal (D:1)
2 creatures vanquished.

Grand Total: 36 creatures vanquished

Notes
Turn   | Place    | Note
-------+----------+-------------------------------------------
     0 | D:1      | mg7810 the Demonspawn Artificer began the quest for the
                  | Orb.
     0 | D:1      | Reached XP level 1. HP: 15/15 MP: 1/1
     2 | D:1      | Noticed a naga
     2 | D:1      | Noticed a ghoul
     4 | D:1      | Noticed an elf
     6 | D:1      | Noticed a demigod
     8 | D:1      | Noticed a troll
     8 | D:1      | Noticed a djinni
    10 | D:1      | Noticed a vampire
    10 | D:1      | Noticed a merfolk
    12 | D:1      | Noticed a draconian
    14 | D:1      | Noticed a vine stalker
    14 | D:1      | Noticed an octopode
    16 | D:1      | Noticed a barachi
    16 | D:1      | Noticed a palentonga
    18 | D:1      | Noticed a felid
    18 | D:1      | Noticed a human
    20 | D:1      | Noticed a spriggan
    20 | D:1      | Noticed a minotaur
    22 | D:1      | Noticed a demonspawn
    22 | D:1      | Noticed an ogre
    24 | D:1      | Noticed a formicid
    24 | D:1      | Noticed a tengu
    26 | D:1      | Noticed a gargoyle
    26 | D:1      | Noticed a dwarf
   430 | D:1      | Gained mutation: You regenerate a little health from kills.
                  | [demonic ancestry]
   430 | D:1      | Reached XP level 2. HP: 17/21 MP: 2/2
   857 | D:1      | Reached skill level 1 in Throwing
  1389 | D:2      | Reached XP level 3. HP: 26/26 MP: 3/3
  1396 | D:2      | Reached skill level 1 in Dodging
  1482 | D:2      | Reached skill level 1 in Stealth
  1762 | D:2      | Noticed Terence
  1818 | D:2      | Slain by Terence

Illustrated notes

Levels and vault maps discovered:
D:1:      kb_arrival_jail, layout_loops_corners
D:2:      layout_basic, basic_altar, uniq_terence, uniq_robin

Skill      XL: |  1  2  3 |
---------------+----------+-----
Armour         | 2 |  2.2
Throwing       | 1 |  1.2
Dodging        | 1 |  1.0
Stealth        | 1 |  1.0
Fighting       | |  1.0
Maces & Flails | |  0.2
Evocations     | |  3.5

Action                   || total
-------------------------++-------
Melee: Club              ||   112
       Flail             ||    28
Throw: Boomerang         ||     2
Evoke: Wand              ||     6
       Piece from Xom's  ||     1
Armor: Leather armour    ||    11
       Ring mail         ||    64
Dodge: Dodged            ||    93

Table legend: (Time is in decaauts)
 A = Elapsed time spent in this place.
 B = Non-inter-level travel time spent in this place.
 C = Inter-level travel time spent in this place.
 D = Time resting spent in this place.
 E = Time spent auto-exploring this place.
 F = Levels seen in this place.
 G = Mean time per level.
                   A        B        C        D        E       F      G
               +--------+--------+--------+--------+--------+-----+--------+
         Total |   1861 |   1861 |      0 |      0 |   1340 |   2 |  930.5 |
       Dungeon |   1861 |   1861 |      0 |      0 |   1340 |   2 |  930.5 |
               +--------+--------+--------+--------+--------+-----+--------+

Top non-repeatable levels by time:
     D:1: 1399 daAuts
     D:2: 462 daAuts
